 Dungeon Crawl Stone Soup version 0.30-a0-122-g2a1322497e (webtiles) character file.

Game seed: 383561478113636610

73883 ytrimaz the Lord of Darkness (level 15, -8/122 HPs)
             Began as a Mummy Necromancer on Sept 16, 2022.
             Was the Champion of Kikubaaqudgha.
             Mangled by a deep elf knight
             ... wielding a +2 vorpal long sword
              (12 damage)
             ... on level 1 of the Elven Halls.
             The game lasted 00:59:25 (28461 turns).

ytrimaz the Lord of Darkness (Mummy Necromancer)   Turns: 28461, Time: 00:59:25

Health: -8/122     AC: 15    Str: 14    XL:     15   Next: 5%
Magic:  4/34       EV: 11    Int: 20    God:    Kikubaaqudgha [******]
Gold:   2492       SH:  0    Dex: 12    Spells: 12/45 levels left

rFire   . . .      SeeInvis .    f - +8 trident of the Octopus King {venom, rElec rPois}
rCold   + . .      Faith    +    (no shield)
rNeg    + + +      Spirit   .    k - +0 troll leather armour
rPois   ∞          Reflect  .    a - +0 helmet
rElec   +          Harm     .    b - +2 cloak {rPois}
rCorr   .          Rampage  .    C - +1 pair of gloves
Will    +....                    r - +0 pair of boots
Stlth   +.........               (no amulet)
HPRegen 1.10/turn                c - ring of protection from fire
MPRegen 0.24/turn                p - +4 ring of protection

@: animating dead
A: cold resistance 1, negative energy resistance 3, torment resistance 2, heat
vulnerability 1, in touch with death 2, no potions, faith
a: Renounce Religion, Unearth Wretches, Torment, Brand Weapon With Pain, Receive
Forbidden Knowledge


You were on level 1 of the Elven Halls.
You worshipped Kikubaaqudgha.
Kikubaaqudgha was exalted by your worship.
You visited 5 branches of the dungeon, and saw 20 of its levels.

You collected 2492 gold pieces.


Innate Abilities, Weirdness & Mutations

You are immune to poison.
Your flesh is cold resistant. (rC+)
You are immune to negative energy. (rN+++)
You are immune to unholy pain and torment.
You are vulnerable to heat. (rF-)
You are strongly in touch with the powers of death.
You do not drink.
You have a special connection with the divine. (Faith)


   Skills:
 - Level 12.6 Fighting
 - Level 7.4 Polearms
 - Level 1.5 Dodging
 - Level 1.5 Stealth
 + Level 15.8 Spellcasting
 + Level 16.4 Necromancy
 + Level 3.8 Ice Magic
 - Level 6.0 Earth Magic


You had 12 spell levels left.
You knew the following spells:

 Your Spells              Type           Power      Damage    Failure   Level
a - Borgnjor's Vile Clut  Necr/Erth      47%        N/A       1%          5
b - Vampiric Draining     Necr           100%       2d13      1%          3
c - Dispel Undead         Necr           100%       3d31      1%          4
d - Anguish               Hex/Necr       41%        N/A       1%          4
e - Simulacrum            Ice/Necr       45%        N/A       12%         6
f - Animate Dead          Necr           100%       N/A       1%          4
g - Death Channel         Necr           55%        N/A       1%          6
h - Necrotise             Necr           100%       1d9       0%          1

Your spell library contained the following spells:

 Spells                   Type           Power      Damage    Failure   Level
 Freeze                   Ice            100%       1d11      1%          1
 Sandblast                Erth           78%        2d17      1%          1
 Cigotuvi's Dreadful Rot  Necr/Pois/Air  100%       N/A       1%          2
 Agony                    Necr           100%       N/A       1%          5
 Passwall                 Tmut/Erth      22%        N/A       2%          2
 Frozen Ramparts          Ice            62%        1d10      3%          3
 Foxfire                  Conj/Fire      60%        2x1d7     4%          1
 Shock                    Conj/Air       60%        1d6       4%          1
 Slow                     Hex            60%        N/A       4%          1
 Stone Arrow              Conj/Erth      54%        3d10      4%          3
 Poisonous Vapours        Pois/Air       30%        N/A       8%          2
 Lee's Rapid Deconstruct  Erth           19%        3d12*     12%         5
 Confusing Touch          Hex            15%        N/A       14%         3
 Gell's Gravitas          Tloc           15%        N/A       14%         3
 Inner Flame              Hex/Fire       15%        N/A       14%         3
 Kindle Blastsparks       Fire/Tloc/Air  30%        2d12      14%         3
 Lesser Beckoning         Tloc           15%        N/A       14%         3
 Summon Guardian Golem    Hex/Summ       15%        N/A       14%         3
 Swiftness                Air            15%        N/A       14%         3
 Teleport Other           Tloc           15%        N/A       14%         3
 Hailstorm                Conj/Ice       23%        3d7       22%         4
 Airstrike                Air            7%         2d(2-18)  43%         4
 Flame Wave               Conj/Fire      15%        2d7       43%         4
 Fulminant Prism          Conj/Hex       7%         3d7       43%         4
 Iskenderun's Mystic Bla  Conj/Tloc      15%        2d5       43%         4
 Summon Forest            Summ/Tloc      7%         N/A       80%         5
 Summon Mana Viper        Hex/Summ       15%        N/A       80%         5
 Summon Cactus Giant      Summ           7%         N/A       100%        6
 Orb of Destruction       Conj           7%         9d6       100%        7
 Spellforged Servitor     Conj/Summ      7%         N/A       100%        7

Inventory:

Hand Weapons
 f - the +8 trident of the Octopus King (weapon) {venom, rElec rPois}
   (You found it on level 8 of the Dungeon)

   It poisons the flesh of those it strikes.
   rElec:     It insulates you from electricity.
   rPois:     It protects you from poison.
Missiles
 m - 4 throwing nets
Armour
 a - a +0 helmet (worn)
   (You found it on level 9 of the Dungeon)
 b - a +2 cloak of poison resistance (worn)
   (You found it on level 1 of the Dungeon)
 k - a +0 troll leather armour (worn)
   (You found it on level 9 of the Dungeon)
 r - a +0 pair of boots (worn)
   (You found it on level 10 of the Dungeon)
 C - a +1 pair of gloves (worn)
   (You found it on level 5 of the Lair of Beasts)
Jewellery
 c - a ring of protection from fire (left hand)
   (You found it on level 1 of the Dungeon)
 i - a +6 ring of strength
   (You found it on level 9 of the Dungeon)
 p - a +4 ring of protection (right hand)
   (You found it on level 5 of the Lair of Beasts)
Wands
 l - a wand of charming (15)
   (You found it on level 10 of the Dungeon)
 q - a wand of flame (14)
   (You found it on level 10 of the Dungeon)
 s - a wand of iceblast (6)
   (You found it on level 11 of the Dungeon)
 x - a wand of mindburst (7)
   (You found it on level 4 of the Lair of Beasts)
 z - a wand of polymorph (3)
   (You found it on level 2 of the Lair of Beasts)
 B - a wand of light (12)
   (You found it on level 4 of the Lair of Beasts)
Scrolls
 e - 4 scrolls of enchant weapon
 g - a scroll of fear
 h - 2 scrolls of poison
 j - 6 scrolls of identify
 n - 2 scrolls of vulnerability
 o - 2 scrolls of fog
 t - 5 scrolls of immolation
 u - a scroll of brand weapon
 v - a scroll of summoning
 w - 4 scrolls of teleportation
 y - a scroll of noise
 A - 3 scrolls of enchant armour

Dungeon Overview and Level Annotations

Branches:
Dungeon (11/15) Zot: 25679  Temple (1/1) D:7 Zot: 5904    Lair (5/5) D:10 Zot: 22957
  Swamp (0/4) Lair:2        Snake (0/4) Lair:2        Slime (0/5) Lair:5
    Orc (2/2) D:10 Zot: 10325     Elf (1/3) Orc:2 Zot: 4577

Altars:
Ashenzari
Cheibriados
Dithmenos
Fedhas
Gozag
Hepliaklqana
Kikubaaqudgha
Makhleb
Nemelex Xobeh
Okawaru
Qazlal
Ru
Sif Muna
Trog
Uskayaw
Vehumet
Wu Jian
Xom
Yredelemnul

Shops:
D:7 *   Orc:2 [!!(

Annotations:
D:6 2 runed translucent doors, timneilson's ghost, novice GrFi
Temple 2 transporters

.. #.........##### ...
###........)##...##
#'##.##.##...###)).....
........#####..^..>...
####.####.## #.)....... #
#)......#..####.....)...
#.#.()....#..'.^+.........
#.#.....ZZ#..# #.........
#.....8..@..# #.........
#.#......{#.# #.........
#.#.....Z.#.# ###....... .
#.......#.######'##...##
##.####.####.##...'#######
#......)).Z.)#.....#
#........+...'.....#
######
###......#####.....#
#..... ###.!..#
##'...####.....


You could see a friendly deep elf knight simulacrum, a friendly deep elf knight
zombie and a friendly deep elf zephyrmancer zombie.


Message History

The bolt of lightning hits your deep elf knight simulacrum!!
The bolt of lightning hits you! You resist.
The deep elf zephyrmancer is wracked by anguish!!!
The deep elf zephyrmancer dies!
Kikubaaqudgha accepts your kill.
The deep elf knight mumbles some strange words.
The deep elf knight seems to speed up. 😕 HP[-7]
You take 7 damage, and now have 101/122 hp.
A deep elf knight is nearby!
A deep elf knight is nearby!
Unknown command.
The deep elf knight mumbles some strange words.
The deep elf knight flickers and vanishes!
Deactivating autopickup; reactivate with Ctrl-A. 😕 HP[+1] MP[+1] 😕 HP[+1]
Casting: Anguish (mildly dangerous; 1% risk of failure)
Confirm with . or Enter, or press ? or * to list all spells.
You don't have enough magic to cast this spell. 😕 HP[+1]
You barely miss something. Something hits you!
Something hits you but does no damage. 😮 HP[-14]
You take 14 damage, and now have 90/122 hp.
Unknown command.
You barely miss something. Something hits you!! 😮 HP[-19] MP[+1]
You take 19 damage, and now have 71/122 hp.
Something hits you.
Something hits you but does no damage. 😮 HP[-6]
You take 6 damage, and now have 65/122 hp.
Unknown command.
Casting: Anguish (mildly dangerous; 1% risk of failure)
Confirm with . or Enter, or press ? or * to list all spells.
You don't know that spell.
You puncture something!
You hear some strange, mumbled words.
A lance of force appears from out of thin air!
The lance of force hits you.
You are knocked back by the lance of force. 😮 HP[-1]
You take 1 damage, and now have 64/122 hp.
Something hits your deep elf pyromancer zombie.
Your deep elf zephyrmancer zombie hits something.
Something hits your deep elf pyromancer zombie! 😮 HP[+1] Unknown command.
You swap places.
You hear some strange, mumbled words.
A lance of force appears from out of thin air!
The lance of force hits your deep elf pyromancer zombie!
Your deep elf pyromancer zombie is knocked back by the lance of force.
Your deep elf pyromancer zombie collides with you! 😮 HP[+1] MP[+1] Unknown command.
You don't have enough magic to cast this spell.
Reach: f) +8 trident of the Octopus King {venom, rElec rPois}
Press: ? - help, Dir - move target You could not reach far enough!
Something hits your deep elf pyromancer zombie!!
Your deep elf pyromancer zombie is destroyed!
Your deep elf zephyrmancer zombie closely misses something. 😮 HP[+1] Unknown command.
Reach: f) +8 trident of the Octopus King {venom, rElec rPois}
Press: ? - help, Dir - move target, f - you That would be overly suicidal.
Okay, then.
Something hits you.
* * * LOW HITPOINT WARNING * * *
Your deep elf zephyrmancer zombie hits something.
You hear some strange, mumbled words.
A shard of ice appears from out of thin air!
The shard of ice hits you!! You partially resist.
* * * LOW HITPOINT WARNING * * *
😨 HP[-32]
You take 32 damage, and now have 35/122 hp.
MASSIVE DAMAGE!! (PAUSE)
You hit something.
You hear some strange, mumbled words.
A lance of force appears from out of thin air!
The lance of force hits you!!
* * * LOW HITPOINT WARNING * * *
You are knocked back by the lance of force.
You collide with your deep elf knight zombie!
* * * LOW HITPOINT WARNING * * *
Your deep elf zephyrmancer zombie misses something. 😱 HP[-24]
You take 24 damage, and now have 11/122 hp.
You can't see any enemies this would affect, really read the scroll of fear?
Okay, then.
Unknown command.
You can't see any enemies this would affect, really read the scroll of fear?
As you read the scroll of fear, it crumbles to dust.
You assume a fearsome visage.
Nothing appears to happen.
Something hits you.
* * * LOW HITPOINT WARNING * * *
x2 Something hits you!
You die...
Kikubaaqudgha rasps: "You have failed me!
Welcome... oblivion!"

Skill      XL: |  1  2  3  4  5  6  7  8  9 10 11 12 13 14 |
---------------+-------------------------------------------+-----
Spellcasting   | 3 4 5 7 8 10 11 12 13 15 | 15.8
Necromancy     | 5 6 7 9 10 11 13 15 16 | 16.4
Fighting       | 2 5 7 11 12 | 12.6
Earth Magic    | 2 4 6 |  6.0
Polearms       | 1 6 7 |  7.4
Ice Magic      | 3 |  3.8
Dodging        | |  1.5
Stealth        | |  1.5

Action                   |  1- 3 |  4- 6 |  7- 9 | 10-12 | 13-15 || total
-------------------------+-------+-------+-------+-------+-------++-------
Melee: Unarmed           |    10 |     5 |       |       |       ||    15
       Whip              |       |    21 |   136 |    65 |       ||   222
       Punch             |       |     1 |       |     1 |     4 ||     6
       Lajatang          |       |       |    12 |       |       ||    12
       Trident           |       |       |       |   179 |   222 ||   401
 Cast: Necrotise         |    66 |    85 |    79 |     1 |       ||   231
       Vampiric Draining |     1 |    13 |   124 |    62 |     5 ||   205
       Anguish           |       |       |     5 |    66 |    32 ||   103
       Animate Dead      |       |       |     1 |    17 |    15 ||    33
       Dispel Undead     |       |       |       |    13 |       ||    13
       Borgnjor's Vile C |       |       |       |    29 |    76 ||   105
       Cigotuvi's Dreadf |       |       |       |     3 |       ||     3
       Agony             |       |       |       |     3 |       ||     3
       Death Channel     |       |       |       |    15 |    28 ||    43
       Simulacrum        |       |       |       |       |     7 ||     7
Invok: Unearth Wretches  |       |       |       |     7 |     9 ||    16
  Use: Scroll            |     1 |     5 |     7 |     9 |     4 ||    26
 Stab: Paralysed         |       |       |       |     4 |     3 ||     7
       Distracted        |       |       |       |     1 |     5 ||     6
       Sleeping          |       |       |       |     1 |       ||     1
Armor: Robe              |     6 |    16 |    30 |    45 |       ||    97
       Leather armour    |       |     5 |    71 |       |       ||    76
       Troll leather arm |       |       |       |   102 |   135 ||   237
Dodge: Dodged            |    23 |    52 |   168 |   259 |   174 ||   676

Levels and vault maps discovered:
D:1:      minmay_arrival_widening_spiral_wide, layout_loops_corners,
          ebering_ecumenical_altar_abandoned, dreamdust_princess_bridge,
          chequers_serial_rivers_room_a, serial_bayou_pond_d, minivault_19
D:2:      layout_loops_cross, basic_altar
D:3:      layout_rooms, minmay_strange_pillars
D:4:      kennysheep_six_static_rooms, layout_loops_corners
D:5:      layout_cave_pools, mainiacjoe_overflow_surrounded_room,
          feat_on_display
D:6:      layout_rooms, mainiacjoe_overflow_alcove_1,
          chequers_temple_overflow_minitemple, ebering_ghost_sewer_f
D:7:      layout_loops_ring, temple_statues, serial_shops, shop, minivault_25,
          uniq_pikel, uniq_crazy_yiuf_cottage
D:8:      layout_loops_ring, special_room [special_room_orc], minivault_11,
          uniq_grum, uniq_joseph, uniq_psyche
D:9:      minmay_the_grid_triangle_9x9_recursive_2
          [minmay_the_grid_triangle_9x9_prize_schism,
          minmay_the_grid_triangle_9x9_wacky_v,
          minmay_the_grid_triangle_9x9_sparse_checkered,
          minmay_the_grid_triangle_9x9_odd_lines], layout_stronghold,
          marbit_many_paths
D:10:     layout_basic, led_xom_imps, mainiacjoe_overflow_large_starburst,
          erik_lair_dragon, hiddenorc2_lemuel, uniq_sonja
D:11:     layout_loops_ring, nemelex_lonely_heart_becter, uniq_lodul
Temple:   hellmonk_temple_divided_pantheon
Lair:1:   wander_river, layout_loops_ring, st_stairs_13, grunt_megastairs_5
Lair:2:   layout_long_grid, minmay_swamp_entry_worms,
          minmay_snake_entry_guardpost_medium, grunt_megastairs_4,
          uniq_gastronok
Lair:3:   layout_regular_city
Lair:4:   layout_loops_ring
Lair:5:   hangedman_lair_in_review, layout_hall_layers,
          guppyfry_lair_end_dragon, slime_entry_1
Orc:1:    layout_caves, nicolae_shop_vocational
Orc:2:    st_orc_elflike, layout_caves, serial_shops, nicolae_shop_behind_doors,
          nicolae_shop_advertising_works [nicolae_subvault_shop_adworks],
          nicolae_square_shop, shop
Elf:1:    nicolae_elf_arrival_fired_up, layout_geoelf_octagon, minivault_28

Notes
Turn   | Place    | Note
-------+----------+-------------------------------------------
     0 | D:1      | ytrimaz the Mummy Necromancer began the quest for the Orb.
     0 | D:1      | Reached XP level 1. HP: 13/13 MP: 4/4
     0 | D:1      | magus.rc [v1.9.6]
   259 | D:1      | Reached skill level 3 in Spellcasting
   314 | D:1      | Reached XP level 2. HP: 19/19 MP: 3/6
   551 | D:1      | Found a faded altar of an unknown god.
  1131 | D:1      | HP: 4/19 [gnoll/+0 whip (3)]
  1133 | D:1      | Gained mutation: You are in touch with the powers of death.
                  | [Mummy growth]
  1133 | D:1      | Reached XP level 3. HP: 6/24 MP: 0/8
  1644 | D:2      | Reached skill level 4 in Spellcasting
  1781 | D:2      | Learned a level 3 spell: Vampiric Draining
  2227 | D:2      | HP: 2/24 [worm (5)]
  2610 | D:3      | Reached XP level 4. HP: 30/30 MP: 7/10
  2961 | D:3      | Reached skill level 5 in Necromancy
  3546 | D:4      | Reached XP level 5. HP: 33/35 MP: 1/12
  3675 | D:4      | Reached skill level 5 in Spellcasting
  4103 | D:4      | Identified the +0 leather armour of the Prince of Darkness
                  | {Str+4}
  4180 | D:4      | Reached XP level 6. HP: 41/41 MP: 10/14
  4243 | D:4      | Reached skill level 6 in Spellcasting
  4243 | D:4      | Reached skill level 6 in Necromancy
  4489 | D:4      | You pick up a book of the Wilderness and begin reading...
  4489 | D:4      | You add the spells Summon Forest, Summon Mana Viper and
                  | Summon Cactus Giant to your library.
  4641 | D:4      | Learned a level 5 spell: Agony
  5053 | D:5      | Entered Level 5 of the Dungeon
  5053 | D:5      | Noticed an ice beast
  5060 | D:5      | Killed an ice beast
  5061 | D:5      | Reached skill level 7 in Spellcasting
  5061 | D:5      | Reached XP level 7. HP: 44/46 MP: 6/17
  5146 | D:5      | HP: 10/46 [gnoll/+2 flail of holy wrath[a gnoll bouda] (9)]
  5639 | D:5      | Reached skill level 7 in Necromancy
  5945 | D:5      | Found a shadowy altar of Dithmenos.
  5999 | D:5      | Reached skill level 8 in Spellcasting
  6182 | D:5      | Reached XP level 8. HP: 50/52 MP: 7/20
  6687 | D:6      | Reached skill level 8 in Necromancy
  6703 | D:6      | Reached skill level 9 in Spellcasting
  6837 | D:6      | Found a runed translucent door.
  6849 | D:6      | Noticed timneilson's ghost (novice GrFi)
  7136 | D:6      | Found a faded altar of an unknown god.
  7136 | D:6      | Found a hide-covered altar of Uskayaw.
  7159 | D:6      | Found a faded altar of an unknown god.
  7292 | D:6      | Found an ornate altar of the Wu Jian Council.
  7294 | D:6      | Found a basalt altar of Yredelemnul.
  7325 | D:6      | Found a runed translucent door.
  7437 | D:6      | Reached skill level 1 in Fighting
  7700 | D:6      | Found a bloodstained altar of Trog.
  7853 | D:7      | Reached skill level 2 in Fighting
  8067 | D:7      | Found Satauhux's General Store.
  8118 | D:7      | Reached skill level 9 in Necromancy
  8188 | D:7      | Reached skill level 10 in Spellcasting
  8188 | D:7      | Reached XP level 9. HP: 56/62 MP: 12/23
  8380 | D:7      | HP: 6/62 [wraith (11)]
  9212 | D:7      | Reached skill level 3 in Fighting
  9246 | D:7      | Found a staircase to the Ecumenical Temple.
  9248 | D:7      | Noticed Pikel
  9267 | D:7      | Killed Pikel
  9275 | Temple   | Entered the Ecumenical Temple
  9275 | Temple   | Found a transporter.
  9275 | Temple   | Found a transporter.
  9332 | Temple   | Found a transporter.
  9332 | Temple   | Found a transporter.
  9354 | Temple   | Became a worshipper of Kikubaaqudgha
  9390 | D:7      | Found a runed translucent door.
  9391 | D:7      | Noticed Crazy Yiuf
  9531 | D:7      | Killed Crazy Yiuf
  9532 | D:7      | Reached skill level 4 in Fighting
  9638 | D:7      | You pick up a book of Displacement and begin reading...
  9638 | D:7      | You add the spells Lesser Beckoning, Gell's Gravitas and
                  | Teleport Other to your library.
 10007 | D:7      | You pick up a book of Frost and begin reading...
 10007 | D:7      | You add the spells Freeze, Frozen Ramparts and Hailstorm to
                  | your library.
 10443 | D:8      | Noticed Psyche
 10453 | D:8      | Killed Psyche
 10454 | D:8      | Reached skill level 11 in Spellcasting
 10454 | D:8      | Reached skill level 10 in Necromancy
 10581 | D:8      | Reached skill level 5 in Fighting
 10655 | D:8      | Reached * piety under Kikubaaqudgha
 10655 | D:8      | You add the spells Cigotuvi's Dreadful Rot and Anguish to
                  | your library.
 10655 | D:8      | Received a gift from Kikubaaqudgha
 10831 | D:8      | Learned a level 4 spell: Anguish
 10838 | D:8      | Learned a level 2 spell: Cigotuvi's Dreadful Rot
 10865 | D:8      | Learned a level 4 spell: Animate Dead
 11052 | D:8      | Noticed Grum
 11071 | D:8      | Killed Grum
 11072 | D:8      | Reached XP level 10. HP: 45/74 MP: 9/25
 11101 | D:8      | HP: 16/70 [orc warrior/+0 morningstar (17)]
 11398 | D:8      | Noticed Joseph
 11403 | D:8      | Killed Joseph
 11403 | D:8      | Reached ** piety under Kikubaaqudgha
 11404 | D:8      | HP: 11/76 [ogre/+0 giant spiked club (13)]
 11676 | D:8      | Reached skill level 6 in Fighting
 11891 | D:8      | Here: an orc, wielding the +8 trident of the Octopus King
                  | {venom, rElec rPois}
 11968 | D:8      | You pick up a book of Blasting and begin reading...
 11968 | D:8      | You add the spells Kindle Blastsparks, Fulminant Prism,
                  | Iskenderun's Mystic Blast and Lee's Rapid Deconstruction to
                  | your library.
 11986 | D:8      | HP: 14/67 [meliai/divine providence (12)]
 12314 | D:8      | Reached skill level 12 in Spellcasting
 12314 | D:8      | HP: 17/73 [meliai/+0 war axe (8)]
 12698 | D:8      | Reached skill level 11 in Necromancy
 13457 | D:9      | Reached skill level 7 in Fighting
 13539 | D:9      | Found a blossoming altar of Fedhas.
 13576 | D:9      | Noticed a two-headed ogre
 13608 | D:9      | Killed a two-headed ogre
 13791 | D:9      | Reached *** piety under Kikubaaqudgha
 13791 | D:9      | You add the spells Dispel Undead, Borgnjor's Vile Clutch,
                  | Death Channel and Simulacrum to your library.
 13791 | D:9      | Received a gift from Kikubaaqudgha
 13797 | D:9      | Learned a level 4 spell: Dispel Undead
 13803 | D:9      | Learned a level 5 spell: Borgnjor's Vile Clutch
 13810 | D:9      | Learned a level 6 spell: Death Channel
 13926 | D:9      | Reached skill level 1 in Earth Magic
 14475 | D:9      | Noticed a cyclops
 14484 | D:9      | Noticed a gargoyle
 14487 | D:9      | Killed a cyclops
 14488 | D:9      | Reached skill level 2 in Earth Magic
 14488 | D:9      | Reached XP level 11. HP: 56/85 MP: 4/27
 14516 | D:9      | Noticed a deep elf pyromancer
 14526 | D:9      | Reached skill level 3 in Earth Magic
 14732 | D:9      | Reached skill level 8 in Fighting
 14836 | D:9      | Killed a deep elf pyromancer
 14842 | D:9      | You pick up a book of Air and begin reading...
 14842 | D:9      | You add the spells Shock, Swiftness and Airstrike to your
                  | library.
 14861 | D:9      | Noticed a brown ugly thing
 14872 | D:9      | Killed a brown ugly thing
 14954 | D:9      | Reached skill level 4 in Earth Magic
 15273 | D:10     | Entered Level 10 of the Dungeon
 15273 | D:10     | Found a stormy altar of Qazlal.
 15283 | D:10     | Reached skill level 9 in Fighting
 15388 | D:10     | You pick up a book of Flames and begin reading...
 15388 | D:10     | You add the spells Foxfire, Inner Flame and Flame Wave to
                  | your library.
 15408 | D:10     | Found a radiant altar of Vehumet.
 15465 | D:10     | Found a staircase to the Orcish Mines.
 15481 | D:10     | HP: 18/89 [orc warrior/+0 war axe (14)]
 15586 | D:10     | Reached **** piety under Kikubaaqudgha
 15928 | D:10     | Reached skill level 10 in Fighting
 16063 | D:10     | Noticed Sonja
 16182 | D:10     | Killed Sonja
 16470 | D:10     | Found a shimmering altar of Xom.
 16762 | D:10     | Reached skill level 11 in Fighting
 16763 | D:10     | Found a staircase to the Lair.
 17124 | D:11     | Noticed a two-headed ogre
 17151 | D:11     | Killed a two-headed ogre
 17520 | D:11     | Reached XP level 12. HP: 88/102 MP: 6/28
 17522 | D:11     | Reached skill level 12 in Fighting
 17886 | D:11     | Found a sparkling altar of Nemelex Xobeh.
 18017 | D:11     | Noticed Lodul
 18022 | D:11     | Killed Lodul
 18282 | Lair:1   | Entered Level 1 of the Lair of Beasts
 19507 | Lair:2   | You pick up a book of Debilitation and begin reading...
 19507 | Lair:2   | You add the spells Slow and Confusing Touch to your
                  | library.
 19539 | Lair:2   | Reached skill level 5 in Earth Magic
 19548 | Lair:2   | Reached skill level 12 in Necromancy
 19687 | Lair:2   | Reached ***** piety under Kikubaaqudgha
 19703 | Lair:2   | Reached skill level 6 in Earth Magic
 19897 | Lair:2   | Noticed a six-headed hydra
 19907 | Lair:2   | Killed a six-headed hydra
 19908 | Lair:2   | Reached skill level 13 in Necromancy
 20060 | Lair:2   | Found a staircase to the Snake Pit.
 20337 | Lair:2   | Noticed Gastronok
 20370 | Lair:2   | Killed Gastronok
 20371 | Lair:2   | Reached skill level 1 in Polearms
 20746 | Lair:2   | Found a staircase to the Swamp.
 20769 | Lair:2   | Gained mutation: You are strongly in touch with the powers
                  | of death. [Mummy growth]
 20769 | Lair:2   | Reached XP level 13. HP: 109/109 MP: 23/29
 21273 | Lair:3   | Reached skill level 2 in Polearms
 21308 | Lair:3   | You pick up a book of Dangerous Friends and begin
                  | reading...
 21308 | Lair:3   | You add the spells Summon Guardian Golem, Orb of
                  | Destruction and Spellforged Servitor to your library.
 21456 | Lair:3   | Reached skill level 3 in Polearms
 21478 | Lair:3   | Reached skill level 14 in Necromancy
 21856 | Lair:3   | You pick up a book of Geomancy and begin reading...
 21856 | Lair:3   | You add the spells Sandblast, Passwall and Stone Arrow to
                  | your library.
 22288 | Lair:4   | Learned a level 6 spell: Simulacrum
 22310 | Lair:4   | Reached skill level 4 in Polearms
 22828 | Lair:4   | Reached skill level 5 in Polearms
 22828 | Lair:4   | Reached skill level 13 in Spellcasting
 23232 | Lair:5   | Entered Level 5 of the Lair of Beasts
 23233 | Lair:5   | Found a staircase to the Slime Pits.
 23310 | Lair:5   | HP: 22/109 [komodo dragon (11)]
 23322 | Lair:5   | HP: 27/109 [six-headed hydra (8)]
 23322 | Lair:5   | HP: 10/109 [six-headed hydra (10)]
 23327 | Lair:5   | HP: 9/109 [bullfrog (6)]
 23553 | Lair:5   | Reached skill level 15 in Necromancy
 23560 | Lair:5   | Reached skill level 6 in Polearms
 23719 | Lair:5   | Reached XP level 14. HP: 93/116 MP: 12/31
 23849 | Lair:5   | Reached skill level 14 in Spellcasting
 24209 | Lair:5   | Reached ****** piety under Kikubaaqudgha
 24670 | Lair:5   | Reached skill level 7 in Polearms
 25357 | Orc:1    | Entered Level 1 of the Orcish Mines
 25690 | Orc:1    | Found Beilluc's Vocational Training.
 26011 | Orc:2    | Entered Level 2 of the Orcish Mines
 26083 | Orc:2    | Found a staircase to the Elven Halls.
 26205 | Orc:2    | Found Tumure's Armour Emporium.
 26658 | Orc:2    | Found Eghakita's Distillery.
 26661 | Orc:2    | Found Fianuen's Distillery.
 26683 | Orc:2    | Aim: an orc warrior, wielding a +0 long sword and wearing a
                  | +0 plate armour (severely wounded, ally target, about 27%
                  | to evade the +8 trident of the Octopus King)
 26683 | Orc:2    | Aim: an orc warrior, wielding a +0 long sword and wearing a
                  | +0 plate armour (severely wounded, ally target, about 27%
                  | to evade the +8 trident of the Octopus King)
 26684 | Orc:2    | Reached skill level 15 in Spellcasting
 26685 | Orc:2    | Found Vutoab's Antique Weapon Shop.
 27036 | Elf:1    | Entered Level 1 of the Elven Halls
 27049 | Elf:1    | Reached skill level 1 in Ice Magic
 27287 | Elf:1    | Reached skill level 16 in Necromancy
 27315 | Elf:1    | Reached skill level 2 in Ice Magic
 27481 | Elf:1    | Noticed a deep elf sorcerer
 27487 | Elf:1    | Killed a deep elf sorcerer
 27676 | Elf:1    | Noticed a deep elf sorcerer
 27687 | Elf:1    | Killed a deep elf sorcerer
 27793 | Elf:1    | Reached skill level 3 in Ice Magic
 27982 | Elf:1    | HP: 26/116 [something (15)]
 27984 | Elf:1    | HP: 10/116 [something (11)]
 28128 | Elf:1    | You pick up a book of Vapours and begin reading...
 28403 | Elf:1    | Reached XP level 15. HP: 122/122 MP: 25/34
 28460 | Elf:1    | HP: 17/122 [something/lance of force (19)]
 28461 | Elf:1    | HP: 6/122 [something (6)]
 28461 | Elf:1    | Mangled by a deep elf knight

Vanquished Creatures
  2 deep elf sorcerers (Elf:1)
  A deep elf death mage (Elf:1)
  A fire dragon (Lair:5)
  2 hydras
  A catoblepas (Lair:2)
  2 dancing weapons (Elf:1)
  Sonja (D:10)
  5 deep elf knights (Elf:1)
  Pikel (D:7)
  A deep elf archer (Elf:1)
  A lindwurm (Lair:5)
  2 deep elf zephyrmancers (Elf:1)
  9 deep elf pyromancers (Elf:1)
  An orc knight (Orc:1)
  An ugly thing (D:11)
  2 cyclopes (D:9)
  3 elephants (Lair:4)
  6 cane toads
  2 torpor snails (Lair:5)
  5 komodo dragons
  Psyche (D:8)
  2 rime drakes
  A polar bear (Lair:3)
  A meliai (D:8)
  A troll (D:9)
  A blink frog (Lair:2)
  A dream sheep (Lair:5)
  A water elemental (Elf:1)
  4 wyverns
  2 fire elementals (Elf:1)
  A shadow (D:11)
  2 wraiths
  20 yaks
  3 basilisks
  A steam dragon (D:7)
  2 wargs (Orc:2)
  3 vampire mosquitoes
  A swamp worm (Lair:2)
  2 acid dragons
  3 nagas (Lair:2)
  9 water moccasins
  11 orc warriors
  A swamp drake (Lair:5)
  A sky beast (D:7)
  4 ice beasts
  A black bear (D:4)
  8 ogres
  A centaur (D:7)
  14 wolves
  9 bullfrogs
  2 kobold brigands
  4 scorpions
  2 gnoll sergeants
  A necrophage (D:6)
  8 wights (D:9)
  4 killer bees
  2 crimson imps (D:10)
  5 howler monkeys
  2 jellies (D:6)
  Crazy Yiuf (D:7)
  2 gnoll boudas
  2 hounds
  9 orc priests
  7 iguanas
  11 orc wizards
  A hell rat (Lair:4)
  20 gnolls
  9 adders
  3 shadow imps (D:8)
  A white imp (D:4)
  An ufetubus (D:4)
  3 worms
  2 dart slugs (D:1)
  71 orcs
  5 ball pythons
  5 endoplasms
  A giant cockroach (D:1)
  3 goblins
  12 hobgoblins
  5 jackals
  3 quokkas
  12 bats
  2 frilled lizards
  9 kobolds
  7 rats
398 creatures vanquished.

Vanquished Creatures (collateral kills)
  Gastronok (Lair:2)
  A deep elf demonologist (Elf:1)
  5 hydras
  A catoblepas (Lair:5)
  A boulder beetle (Lair:5)
  A two-headed ogre (D:9)
  2 death yaks (Lair:5)
  A deep elf knight (Elf:1)
  Lodul (D:11)
  A deep elf zephyrmancer (Elf:1)
  A deep elf pyromancer (Elf:1)
  An orc sorcerer (Orc:2)
  2 manticores (Lair:5)
  11 elephants
  2 black mambas
  4 cane toads
  5 komodo dragons
  3 rime drakes
  A polar bear (Lair:4)
  2 trolls
  10 blink frogs
  5 dream sheep
  2 wraiths
  A water elemental (Elf:1)
  27 yaks
  2 basilisks
  2 steam dragons (Lair:5)
  A naga (Lair:2)
  An acid dragon (Lair:5)
  3 water moccasins
  2 swamp drakes
  2 orc warriors (Orc:2)
  2 ogres
  2 wolves
  5 bullfrogs
  A scorpion (Lair:1)
  A wight (D:9)
  A howler monkey (D:9)
  2 crimson imps (D:10)
  4 orc wizards
  5 hell rats (Lair:4)
  2 gnolls (D:10)
  An orc zombie (Orc:2)
  A worm (D:2)
  13 orcs
  A goblin (D:3)
  A hobgoblin (D:2)
  A rat (D:2)
  2 fungi (Lair:3)
150 creatures vanquished.

Vanquished Creatures (others)
  3 hydras
  A catoblepas (D:9)
  A boulder beetle (Lair:5)
  A two-headed ogre (D:11)
  2 death yaks (Lair:5)
  A tengu warrior (D:9)
  A deep elf knight (Elf:1)
  A swamp dragon (Lair:5)
  A lindwurm (Lair:5)
  2 orc knights (Orc:2)
  A deep elf pyromancer (D:9)
  2 deep elf zephyrmancers (Elf:1)
  An ugly thing (D:9)
  A manticore (D:10)
  A cyclops (D:11)
  An elephant (Lair:5)
  2 black mambas (Lair:4)
  Joseph (D:8)
  A gargoyle (D:9)
  2 torpor snails
  5 cane toads
  A catoblepas zombie (D:9)
  3 komodo dragons
  A kobold demonologist (D:11)
  2 meliai (D:8)
  2 dream sheep
  2 blink frogs (Lair:5)
  6 elf zombies (Elf:1)
  2 black mamba zombies (Lair:4)
  A water elemental (Elf:1)
  2 steam dragons
  3 basilisks
  Grum (D:8)
  7 yaks
  A warg (Orc:2)
  A tengu zombie (D:9)
  A naga (Lair:2)
  3 water moccasins
  2 cane toad zombies (Lair:5)
  8 orc warriors
  8 blink frog zombies
  5 ogres
  2 wolves (Lair:2)
  An elephant zombie (Lair:5)
  A gnoll sergeant (D:10)
  3 bullfrogs
  A wyvern zombie (Lair:2)
  8 yak zombies
  A wolf zombie (D:8)
  3 bullfrog zombies
  A jelly (D:11)
  A basilisk zombie (D:9)
  An ogre zombie (D:11)
  A naga zombie (Lair:2)
  2 hell rat zombies (Lair:4)
  A howler monkey zombie (D:9)
  4 gnolls
  A steam dragon zombie (Lair:5)
  A jelly zombie (D:11)
  24 orc zombies
  6 orcs
  A bat (D:11)
  A bat zombie (D:11)
  2 endoplasms
  A giant cockroach (D:9)
  A gnoll zombie (Orc:2)
  An endoplasm zombie (D:9)
  A giant cockroach zombie (D:9)
  A hobgoblin zombie (D:9)
  64 fungi
  75 plants
305 creatures vanquished.

Grand Total: 853 creatures vanquished

Table legend:
 A = Non-vault XP
 B = Vault XP
 C = Vault XP percentage of total XP
 D = Non-vault monster count
 E = Vault monster count
 F = Vault count percentage of total count
                 A         B        C        D         E       F
            +---------+---------+-------+---------+---------+-------
      Total |   72323 |   33225 |  31.5 |     439 |     152 |  25.7
            +---------+---------+-------+---------+---------+-------
        D:1 |      47 |       0 |   0.0 |      20 |       0 |   0.0
        D:2 |      46 |       0 |   0.0 |      20 |       0 |   0.0
        D:3 |      51 |       0 |   0.0 |      20 |       0 |   0.0
        D:4 |     532 |     105 |  16.5 |      19 |       6 |  24.0
        D:5 |     703 |       0 |   0.0 |      14 |       0 |   0.0
        D:6 |     830 |       0 |   0.0 |      20 |       0 |   0.0
        D:7 |    1320 |     707 |  34.9 |      28 |       2 |   6.7
        D:8 |    1547 |    2366 |  60.5 |      33 |      30 |  47.6
        D:9 |    2465 |    3888 |  61.2 |      24 |      13 |  35.1
       D:10 |    2078 |    2467 |  54.3 |      16 |      42 |  72.4
       D:11 |    3937 |    1487 |  27.4 |      16 |       7 |  30.4
     Lair:1 |    2987 |     302 |   9.2 |      15 |       2 |  11.8
     Lair:2 |    7579 |    3016 |  28.5 |      29 |       9 |  23.7
     Lair:3 |    6998 |       0 |   0.0 |      25 |       0 |   0.0
     Lair:4 |    7093 |       0 |   0.0 |      29 |       0 |   0.0
     Lair:5 |   14808 |   14097 |  48.8 |      47 |      33 |  41.2
      Orc:1 |    2037 |       0 |   0.0 |      26 |       0 |   0.0
      Orc:2 |    1471 |       0 |   0.0 |      15 |       0 |   0.0
      Elf:1 |   15794 |    4790 |  23.3 |      23 |       8 |  25.8
            +---------+---------+-------+---------+---------+-------

Illustrated notes

Table legend:
 A = Kills in this place as a percentage of kills in entire the game.
 B = Kills by you in this place as a percentage of kills by you in the entire game.
 C = Kills by friends in this place as a percentage of kills by friends in the entire game.
 D = Other kills in this place as a percentage of other kills in the entire game.
 E = Experience gained in this place as a percentage of experience gained in the entire game.
 F = Experience gained in this place divided by the number of levels of this place that you have seen.
                   A       B       C       D       E      F
               +-------+-------+-------+-------+-------+----------------------
         Total | 100.0 | 100.0 | 100.0 | 100.0 | 100.0 | 5277.4
       Dungeon |  55.8 |  70.3 |  22.4 |  42.6 |  23.3 | 2234.2
          Lair |  32.0 |  16.9 |  65.3 |  50.0 |  53.9 | 11376.0
  Orcish Mines |   6.9 |   6.4 |   8.8 |   5.6 |   3.3 | 1754.0
   Elven Halls |   5.2 |   6.4 |   3.4 |   1.9 |  19.5 | 20584.0
               +-------+-------+-------+-------+-------+----------------------

Table legend: (Time is in decaauts)
 A = Elapsed time spent in this place.
 B = Non-inter-level travel time spent in this place.
 C = Inter-level travel time spent in this place.
 D = Time resting spent in this place.
 E = Time spent auto-exploring this place.
 F = Levels seen in this place.
 G = Mean time per level.
                   A        B        C        D        E       F      G
               +--------+--------+--------+--------+--------+-----+--------+
         Total |  28670 |  27763 |    907 |   2131 |  21218 |  20 | 1433.5 |
       Dungeon |  18436 |  17895 |    541 |   1875 |  13364 |  11 | 1676.0 |
        Temple |     95 |     81 |     14 |     50 |     12 |   1 |   95.0 |
          Lair |   7042 |   6806 |    236 |     79 |   5547 |   5 | 1408.4 |
  Orcish Mines |   1674 |   1558 |    116 |      0 |   1271 |   2 |  837.0 |
   Elven Halls |   1421 |   1421 |      0 |    127 |   1024 |   1 | 1421.0 |
               +--------+--------+--------+--------+--------+-----+--------+

Top non-repeatable levels by time:
     D:8: 2755 daAuts
     D:4: 2122 daAuts
     D:9: 2111 daAuts
    D:10: 2028 daAuts
  Lair:5: 1970 daAuts
     D:7: 1967 daAuts
     D:6: 1939 daAuts
  Lair:2: 1709 daAuts
     D:1: 1538 daAuts
   Elf:1: 1421 daAuts
  Lair:1: 1240 daAuts
  Lair:3: 1119 daAuts
    D:11: 1115 daAuts
     D:2: 1066 daAuts
   Orc:2: 1022 daAuts
